 Dungeon Crawl Stone Soup version 0.32-a0-42-ga30500b4d3 (webtiles) character file.

Game seed: 11717667924532412294

2597 cforsyth the Fighter (level 9, -6/64 (73) HPs)
             Began as a Djinni Reaver on Jan 27, 2024.
             Killed from afar by an electric eel (12 damage)
             ... with a bolt of electricity
             ... on level 7 of the Dungeon on Jan 28, 2024.
             The game lasted 00:10:53 (5731 turns).

cforsyth the Fighter (Djinni Reaver)                Turns: 5731, Time: 00:10:54

HP:   -6/64 (73)    AC:  4    Str:  6    XL:     9   Next: 89%
Gold: 474           EV: 12    Int: 20    God:
                    SH:  0    Dex: 15

rFire   + + .        m - +4 trident "Ynimymo" {spect, *Noise +Blink rCorr Dex+4}
rCold   + . .        (no shield)
rNeg    . . .        o - +0 robe of Eternal Vigilance {rC++ MP+9 Str-5 Slay+3}
rPois   ∞            l - +1 helmet
rElec   .            r - scarf {repulsion}
rCorr   +            (no gloves)
SInv    .            (boots unavailable)
Will    .....        (no amulet)
Stlth   +            (no ring)
HPRegen 0.30/turn    (no ring)
MPRegen 0.00/turn

%: repel missiles, infuse magic (-7 HP)
@: flying, heavily drained
A: sickness immunity, fire resistance 2, cold vulnerability 1, float, innate
caster, HP casting, extra vitality 1
a: Evoke Blink


You were on level 7 of the Dungeon.
You visited 2 branches of the dungeon, and saw 8 of its levels.

You collected 474 gold pieces.

Inventory:

Hand Weapons
 a - a +0 short sword
 m - the +4 trident "Ynimymo" (weapon) {spect, *Noise +Blink rCorr Dex+4}
   (You found it on level 2 of the Dungeon)

   Dex+4:     It affects your dexterity (+4).
   +Blink:    It lets you blink.
   *Noise:    It may make a loud noise when swung.
   rCorr:     It protects you from acid and corrosion.
Armour
 b - a +0 leather armour
 l - a +1 helmet (worn)
 o - the +0 robe of Eternal Vigilance (worn) {rC++ MP+9 Str-5 Slay+3}
   (You found it on level 3 of the Dungeon)

   Str-5:     It affects your strength (-5).
   Slay+3:    It affects your accuracy & damage with ranged weapons and melee
   (+3).
   rC++:      It greatly protects you from cold.
   MP+9:      It affects your magic capacity (+9).
 r - a scarf of repulsion (worn)
Jewellery
 w - a ring of see invisible
Wands
 x - a wand of light (7)
Scrolls
 t - a scroll of enchant armour
Potions
 c - 2 potions of heal wounds
 d - a potion of attraction {unknown}
 e - a potion of haste {unknown}
 h - 3 potions of curing
 j - a potion of degeneration {unknown}
 n - a potion of mutation
 s - 2 potions of cancellation
 z - a potion of invisibility {unknown}


   Skills:
 + Level 9.5 Fighting
 - Level 2.6 Short Blades
 - Level 2.1 Dodging
 + Level 7.5 Spellcasting
 + Level 7.5 Conjurations
 + Level 7.5 Hexes
 + Level 7.5 Summonings
 + Level 7.5 Necromancy
 + Level 7.5 Translocations
 + Level 7.5 Fire Magic
 + Level 7.5 Ice Magic
 + Level 7.5 Air Magic
 + Level 7.5 Earth Magic
 + Level 7.5 Alchemy


You knew the following spells:

 Your Spells              Type           Power      Damage    Failure   Level
a - Kiss of Death         Conj/Necr      100%       2d13      1%          1
b - Momentum Strike       Conj/Tloc      74%        3d10      1%          2
c - Hailstorm             Conj/Ice       37%        3d9       1%          3
d - Apportation           Tloc           74%        N/A       1%          1
e - Searing Ray           Conj           74%        2d7       1%          2
f - Volatile Blastmotes   Fire/Tloc      74%        2d16      1%          3
g - Sigil of Binding      Hex            37%        N/A       1%          3
Your spell library was empty.

Dungeon Overview and Level Annotations

Branches:
Dungeon (7/15)             Temple (1/1) D:6

Altars:
Cheibriados
Elyvilon
Fedhas
Hepliaklqana
Okawaru
Qazlal
Ru
Trog
Uskayaw
Wu Jian
Zin
The Shining One


Innate Abilities, Weirdness & Mutations

You are immune to sickness and miasma.
You are immune to poison.
Your flesh is very heat resistant. (rF++)
You are vulnerable to cold. (rC-)
You float through the air rather than walking.
You learn spells naturally, not from books.
Your magical power is your life essence.
You have superior vitality. (+4 MHP)


Message History

As you read the scroll labelled CUETES WEPHEPT, it crumbles to dust.
You assume a fearsome visage.
Nothing appears to happen.
It was a scroll of fear.
The air fills with toxic fumes!
As you read the scroll labelled ALOBUU WADEKUA, it crumbles to dust.
It was a scroll of poison.
Blink to where?
Press: ? - help, Dir - move target, f - you
Okay, then.
As you read the scroll labelled BAEZ SO BOKU, it crumbles to dust.
It was a scroll of blinking.
Your surroundings suddenly seem different.
As you read the scroll labelled PATA NUOFAA, it crumbles to dust.
A wave of despondency washes over your surroundings.
It was a scroll of vulnerability.
d - a purple potion You hear the creaking of a very distant portcullis.
Found a brown potion.
You feel your willpower return.
An electric eel comes into view.
Found a falchion.
The electric eel shoots out a bolt of lightning at you!
The bolt of electricity misses you. The bolt of electricity hits you!
The bolt of electricity hits the electric eel.
The electric eel completely resists.
You barely miss the electric eel.
Your +4 trident "Ynimymo" {spect, *Noise +Blink rCorr Dex+4} barely misses the electric eel.
The electric eel shoots out a bolt of lightning at you!
The bolt of electricity hits you!
* * * LOW HITPOINT WARNING * * *
The bolt of electricity hits you!
* * * LOW HITPOINT WARNING * * *
The bolt of electricity hits the electric eel.
The electric eel completely resists.
You hit the electric eel.
The electric eel is lightly wounded.
Your +4 trident "Ynimymo" {spect, *Noise +Blink rCorr Dex+4} hits the electric eel!
The electric eel shoots out a bolt of lightning at you!
The bolt of electricity hits you!
You die...

#.≈.......## #)≈
.#.≈.!......# #.≈
.#.≈........# #.≈
.≈.#.≈.......# #.≈.
##.≈.#.≈.......#
#.≈.###...≈.#.≈.......#
#.≈....≈≈≈≈.#.≈......#
#.≈≈≈≈S(....#.≈......##
#.....@######.≈....:...
#######.......≈......≈≈
.......≈≈≈≈≈≈≈≈##..#.≈≈
#####.#######.####.#.≈≈
#. #........≈≈ #
##.#####.## .# #.## .#
#..) ## ####.#


You could see an electric eel and a friendly +4 trident "Ynimymo" {spect, *Noise
+Blink rCorr Dex+4}.

Vanquished Creatures
  Pikel (D:4)
  Jeremiah (D:6)
  Duvessa (D:5)
  A water moccasin (D:5)
  A sky beast (D:7)
  A black bear (D:6)
  An ice beast (D:7)
  A centaur (D:6)
  2 ogres
  2 bullfrogs
  3 scorpions
  2 wights (D:7)
  Dowan (D:5)
  2 orc priests
  A jelly (D:6)
  2 gnoll boudas (D:6)
  4 hounds
  6 iguanas
  2 sleepcaps
  11 gnolls
  6 adders
  A white imp (D:6)
  2 ufetubi (D:6)
  6 dart slugs
  4 ribbon worms
  8 orcs
  10 ball pythons
  5 endoplasms
  A giant cockroach (D:1)
  4 goblins
  4 hobgoblins
  4 jackals (D:3)
  3 quokkas
  7 bats
  5 kobolds
  6 rats
122 creatures vanquished.

Notes
Turn   | Place    | Note
-------+----------+-------------------------------------------
     0 | D:1      | cforsyth the Djinni Reaver began the quest for the Orb.
     0 | D:1      | cforsyth set off with the following spells memorised: Kiss
                  | of Death, Momentum Strike, Hailstorm.
     0 | D:1      | Reached XP level 1. HP: 18/18 MP: 0/0
   177 | D:1      | Reached XP level 2. HP: 23/23 MP: 0/0
   929 | D:2      | Reached XP level 3. HP: 29/29 MP: 0/0
   929 | D:2      | Learned a level 1 spell: Apportation
   980 | D:2      | Identified the +4 trident "Ynimymo" {spect, *Noise +Blink
                  | rCorr Dex+4}
  1120 | D:2      | Found a faded altar of an unknown god.
  1132 | D:2      | Found a faded altar of an unknown god.
  1262 | D:2      | Reached skill level 3 in Fighting
  1482 | D:3      | Identified the +0 robe of Eternal Vigilance {rC++ MP+9
                  | Str-5 Slay+3}
  1490 | D:3      | Reached XP level 4. HP: 35/35 MP: 0/0
  1529 | D:3      | Found a bloodstained altar of Trog.
  2351 | D:4      | Reached XP level 5. HP: 32/41 MP: 0/0
  2351 | D:4      | Learned a level 2 spell: Searing Ray
  2475 | D:4      | You are sucked into a shaft and drop 1 floor!
  2475 | D:5      | Entered Level 5 of the Dungeon
  2513 | D:4      | Found an ornate altar of the Wu Jian Council.
  2580 | D:4      | Reached skill level 4 in Fighting
  2634 | D:4      | Noticed Pikel
  2640 | D:4      | Noticed a lemure
  2643 | D:4      | Killed Pikel
  2644 | D:4      | Reached skill level 5 in Fighting
  2644 | D:4      | Reached skill level 5 in Spellcasting
  2644 | D:4      | Reached skill level 5 in Conjurations
  2644 | D:4      | Reached skill level 5 in Hexes
  2644 | D:4      | Reached skill level 5 in Summonings
  2644 | D:4      | Reached skill level 5 in Necromancy
  2644 | D:4      | Reached skill level 5 in Translocations
  2644 | D:4      | Reached skill level 5 in Fire Magic
  2644 | D:4      | Reached skill level 5 in Ice Magic
  2644 | D:4      | Reached skill level 5 in Air Magic
  2644 | D:4      | Reached skill level 5 in Earth Magic
  2644 | D:4      | Reached skill level 5 in Alchemy
  2644 | D:4      | Reached XP level 6. HP: 32/50 MP: 0/0
  2644 | D:4      | Reached XP level 7. HP: 35/55 MP: 0/0
  2644 | D:4      | Learned a level 3 spell: Volatile Blastmotes
  2657 | D:4      | Reached skill level 6 in Fighting
  2870 | D:4      | Found an iron altar of Okawaru.
  3083 | D:4      | Reached XP level 8. HP: 58/61 MP: 0/0
  3125 | D:4      | Found a hide-covered altar of Uskayaw.
  3627 | D:5      | Noticed Dowan
  3632 | D:5      | Noticed Duvessa
  3635 | D:5      | Killed Dowan
  3642 | D:5      | Killed Duvessa
  3643 | D:5      | Reached skill level 7 in Fighting
  4334 | D:6      | Reached XP level 9. HP: 62/63 MP: 0/0
  4334 | D:6      | Learned a level 3 spell: Sigil of Binding
  4555 | D:6      | Reached skill level 8 in Fighting
  4638 | D:6      | Found a staircase to the Ecumenical Temple.
  4698 | Temple   | Entered the Ecumenical Temple
  4787 | D:6      | Found a blossoming altar of Fedhas.
  5043 | D:6      | Noticed Jeremiah
  5050 | D:6      | Killed Jeremiah
  5051 | D:6      | Reached skill level 9 in Fighting
  5508 | D:6      | Found a glowing silver altar of Zin.
  5731 | D:7      | Killed from afar by an electric eel

Illustrated notes

Levels and vault maps discovered:
D:1:      saegor_arrival_simple_a, layout_loops_ring, due_unseen_surprise
D:2:      kennysheep_six_static_rooms, layout_loops_cross,
          hellmonk_ecumenical_altar_the_god_not_taken
D:3:      layout_basic, mainiacjoe_overflow_cross_hatched,
          kennysheep_generic_room_3
D:4:      layout_loops_cross, nicolae_wu_jian_glorious_leap,
          amcnicky_altar_gilded, mainiacjoe_overflow_alcove_2, minmay_cut_off,
          uniq_pikel
D:5:      layout_loops_cross, uniq_duvessa
D:6:      layout_loops_corners, zin_treasury, mainiacjoe_overflow_chevrons,
          minmay_temple_entry_junction, kennysheep_generic_room_16,
          uniq_jeremiah
D:7:      old_forge, layout_rooms, nicolae_overflow_hidden_temple,
          nicolae_overflow_squiral, enter_bailey_2, nicolae_tricolors
Temple:   nicolae_temple_two_arcs

Skill      XL: |  1  2  3  4  5  6  7  8  9 |
---------------+----------------------------+-----
Spellcasting   | 3 5 6 7 |  7.5
Conjurations   | 3 5 6 7 |  7.5
Hexes          | 3 5 6 7 |  7.5
Summonings     | 3 5 6 7 |  7.5
Necromancy     | 3 5 6 7 |  7.5
Translocations | 3 5 6 7 |  7.5
Fire Magic     | 3 5 6 7 |  7.5
Ice Magic      | 3 5 6 7 |  7.5
Air Magic      | 3 5 6 7 |  7.5
Earth Magic    | 3 5 6 7 |  7.5
Alchemy        | 3 5 6 7 |  7.5
Fighting       | 3 5 6 7 9 |  9.5
Short Blades   | |  2.6
Dodging        | |  2.1

Action                     |  1- 3 |  4- 6 |  7- 9 || total
---------------------------+-------+-------+-------++-------
  Melee: Short sword       |    95 |       |       ||    95
         Punch             |     2 |       |     1 ||     3
         Trident           |    21 |    40 |   147 ||   208
   Cast: Hailstorm         |       |     4 |       ||     4
         Kiss of Death     |       |       |     4 ||     4
    Use: Scroll            |       |       |    13 ||    13
   Stab: Sleeping          |     2 |     3 |     1 ||     6
 Armour: Leather armour    |    60 |       |       ||    60
         Robe              |       |     9 |    57 ||    66
  Dodge: Dodged            |    62 |    12 |    53 ||   127
         Repelled          |       |       |     1 ||     1

Table legend: (Time is in decaauts)
 A = Elapsed time spent in this place.
 B = Non-inter-level travel time spent in this place.
 C = Inter-level travel time spent in this place.
 D = Time resting spent in this place.
 E = Time spent auto-exploring this place.
 F = Levels seen in this place.
 G = Mean time per level.
                   A        B        C        D        E       F      G
               +--------+--------+--------+--------+--------+-----+--------+
         Total |   5780 |   5617 |    163 |      0 |   4613 |   8 |  722.5 |
       Dungeon |   5778 |   5617 |    161 |      0 |   4613 |   7 |  825.4 |
        Temple |      1 |      0 |      1 |      0 |      0 |   1 |    1.0 |
               +--------+--------+--------+--------+--------+-----+--------+

Top non-repeatable levels by time:
     D:6: 1385 daAuts
     D:5: 972 daAuts
     D:4: 894 daAuts
     D:3: 880 daAuts
     D:2: 869 daAuts
     D:1: 595 daAuts
     D:7: 179 daAuts
  Temple: 1 daAuts
